 Dungeon Crawl Stone Soup version 0.30-a0-760-g5a9884bb7c (webtiles) character file.

Game seed: 10834872892267684218

476 tilp the Slasher (level 7, 0/59 HPs)
             Began as a Meteoran Fighter on Feb 10, 2023.
             Slain by a gnoll
             ... wielding a +0 spear
             ... led by a gnoll sergeant
              (1 damage)
             ... on level 5 of the Dungeon.
             The game lasted 00:07:10 (1858 turns).

tilp the Slasher (Meteoran Fighter)                 Turns: 1858, Time: 00:07:11

Health: 0/59       AC:  9    Str: 17    XL:     7   Next: 59%
Magic:  8/8        EV:  8    Int: 11    God:
Gold:   172        SH:  5    Dex: 15    Spells: 6/6 levels left

rFire   . . .      SeeInvis .    a - +0 long sword
rCold   + . .      Faith    .    c - +0 buckler
rNeg    . . .      Spirit   .    r - +0 chain mail
rPois   .          Reflect  .    (no helmet)
rElec   .          Harm     .    (no cloak)
rCorr   .          Rampage  .    (no gloves)
Will    .....                    (no boots) Stlth
                                 (no amulet)
HPRegen 0.29/turn                h - ring of protection from cold
MPRegen 0.11/turn                (no ring)

@: glowing
A: sense surroundings 1, otherworldly, glowing, explore regen
a: no special abilities


You were on level 5 of the Dungeon.
You visited 1 branch of the dungeon, and saw 6 of its levels.

You collected 172 gold pieces.

Inventory:

Hand Weapons
 a - a +0 long sword (weapon)
 b - a +2 falchion of holy wrath
 d - a +3 falchion
 k - a +0 long sword
Missiles
 f - 21 stones
 g - 7 poisoned darts (quivered)
Armour
 c - a +0 buckler (worn)
 r - a +0 chain mail (worn)
Jewellery
 e - a ring of ice
 h - a ring of protection from cold (left hand)
Wands
 q - a wand of flame (16)
Scrolls
 j - a scroll of amnesia
Potions
 i - a potion of curing
 l - 2 potions of lignification {unknown}
 o - 3 potions of brilliance
 p - a potion of invisibility {unknown}
 t - a potion of resistance {unknown}


   Skills:
 - Level 4.0 Fighting
 * Level 5.3 Long Blades
 - Level 2.0 Throwing
 - Level 4.0 Armour
 - Level 4.0 Dodging
 - Level 2.0 Stealth
 - Level 4.0 Shields
 - Level 2.0 Evocations


You had 6 spell levels left.
You didn't know any spells.
Your spell library was empty.

Dungeon Overview and Level Annotations

Branches:
Dungeon (6/15) Zot: 1669
 Temple: D:4-7

Altars:

Annotations:
D:3 1 runed translucent door, XanderDroid's ghost, amateur TrFi


Innate Abilities, Weirdness & Mutations

You passively map a small area around you.
You are easily found by Zot.
You glow in the dark.
You regain HP and MP as you explore.


Message History

Press: ? - help, Shift-Dir - straight line, f/p - gnoll bouda
Aim: a gnoll bouda, wielding a +0 whip and wearing a +0 robe of willpower (almost dead, 75% to hit)
The puff of flame hits the gnoll bouda.
The gnoll bouda is almost dead.
The gnoll bouda gazes fiercely through you!
You feel as though you will be weak longer.
Unknown command.
The gnoll bouda mumbles some strange prayers to its god.
The gnoll bouda is healed somewhat.
Aiming: Throw Flame
Press: ? - help, Shift-Dir - straight line, f/p - gnoll bouda
Aim: a gnoll bouda, wielding a +0 whip and wearing a +0 robe of willpower (severely wounded, 75% to hit)
The puff of flame hits the gnoll bouda!
The gnoll bouda is almost dead.
The gnoll is no longer moving quickly.
The gnoll bouda mumbles some strange prayers to its god.
The gnoll bouda is healed somewhat.
Unknown command.
Unknown command.
Aiming: Throw Flame
Press: ? - help, Shift-Dir - straight line, f/p - gnoll bouda
Aim: a gnoll bouda, wielding a +0 whip and wearing a +0 robe of willpower (severely wounded, 75% to hit)
The puff of flame hits the gnoll bouda!
You kill the gnoll bouda!
Your life force feels restored.
Unknown command.
The gnoll throws a throwing net.
The throwing net hits you.
You become entangled in the net!
The gnoll barely misses you.
You see here a throwing net.
You struggle against the net.
The gnoll hits you but does no damage.
You struggle against the net.
The gnoll hits you but does no damage.
You struggle against the net.
Your attacks no longer feel as feeble.
The gnoll hits you but does no damage. x2
You shred the net and break free! The gnoll completely misses you.
The gnoll hits you with a +0 club.
* * * LOW HITPOINT WARNING * * *
You hit the gnoll but do no damage.
The gnoll hits you from afar with a +0 spear.
You die...

* ##.# , ##.# *
#..# ##........##
##.## #..........##
#)##
##...........####)#
#.............##g##
# #............#g.#
###...........##@##
..#..............#
.................#
..............#...#
...#######.########
#### ###


You could see 2 gnolls.

Vanquished Creatures
  A necrophage (D:5)
  A scorpion (D:4)
  3 wights (D:4)
  A gnoll bouda (D:5)
  An orc wizard (D:4)
  2 gnolls (D:5)
  3 adders
  2 dart slugs
  9 orcs
  4 ball pythons
  3 bats
  8 endoplasms
  2 giant cockroaches
  5 goblins
  5 hobgoblins
  13 jackals
  7 kobolds
  4 quokkas
  2 frilled lizards
  2 rats
78 creatures vanquished.

Vanquished Creatures (others)
  5 plants (D:5)
5 creatures vanquished.

Grand Total: 83 creatures vanquished

Notes
Turn   | Place    | Note
-------+----------+-------------------------------------------
     0 | D:1      | tilp the Meteoran Fighter began the quest for the Orb.
     0 | D:1      | Reached XP level 1. HP: 19/19 MP: 2/2
    51 | D:1      | Reached XP level 2. HP: 25/26 MP: 3/3
    85 | D:1      | Reached skill level 1 in Dodging
   145 | D:2      | Reached XP level 3. HP: 31/31 MP: 4/4
   218 | D:3      | Found a runed translucent door.
   223 | D:3      | Noticed a bullfrog
   252 | D:3      | Noticed XanderDroid's ghost (amateur TrFi)
   380 | D:3      | Reached skill level 3 in Long Blades
   380 | D:3      | Reached XP level 4. HP: 38/38 MP: 5/5
   396 | D:3      | Reached skill level 1 in Stealth
   621 | D:4      | Noticed a scorpion
   627 | D:4      | Killed a scorpion
   628 | D:4      | Reached XP level 5. HP: 46/46 MP: 6/6
   982 | D:5      | Entered Level 5 of the Dungeon
  1016 | D:4      | Reached skill level 1 in Evocations
  1025 | D:4      | Reached skill level 1 in Throwing
  1025 | D:4      | Reached XP level 6. HP: 46/52 MP: 7/7
  1027 | D:4      | Reached skill level 4 in Long Blades
  1073 | D:4      | Reached XP level 7. HP: 59/59 MP: 8/8
  1529 | D:4      | HP: 2/57 [jackal (2)]
  1834 | D:5      | Reached skill level 5 in Long Blades
  1846 | D:5      | HP: 2/58 [gnoll/+0 spear[a gnoll sergeant] (3)]
  1857 | D:5      | HP: 1/59 [gnoll/+0 club[a gnoll sergeant] (4)]
  1858 | D:5      | Slain by a gnoll

Illustrated notes

Levels and vault maps discovered:
D:1:      tarquinn_simple_flora_water_f, layout_rooms
D:2:      layout_basic, grunt_decor_fettered
D:3:      layout_rooms, ebering_ghost_sewer_d
D:4:      layout_loops_cross
D:5:      layout_cave_pods, nicolae_grassy_gnolls
D:6:      layout_gridville, gammafunk_temple_overflow_statue,
          chequers_serial_rivers_micro_b, sigmund_edmund_badplayer

Skill      XL: |  1  2  3  4  5  6  7 |
---------------+----------------------+-----
Dodging        | 1 2 3 4 |  4.0
Long Blades    | 3 4 5 |  5.3
Stealth        | 1 2 |  2.0
Armour         | 4 |  4.0
Shields        | 4 |  4.0
Evocations     | 1 2 |  2.0
Throwing       | 1 2 |  2.0
Fighting       | 4 |  4.0

Action                     |  1- 3 |  4- 6 |  7- 9 || total
---------------------------+-------+-------+-------++-------
  Melee: Long sword        |    69 |   109 |    87 ||   265
  Throw: Dart              |       |     2 |     3 ||     5
         Stone             |       |     1 |       ||     1
  Evoke: Wand              |       |       |     6 ||     6
    Use: Scroll            |       |     7 |     4 ||    11
         Potion            |       |     1 |     1 ||     2
 Armour: Scale mail        |    44 |    64 |    10 ||   118
         Chain mail        |       |       |    84 ||    84
  Dodge: Dodged            |    36 |    52 |    49 ||   137
  Block: Buckler           |    25 |    36 |    29 ||    90

Table legend: (Time is in decaauts)
 A = Elapsed time spent in this place.
 B = Non-inter-level travel time spent in this place.
 C = Inter-level travel time spent in this place.
 D = Time resting spent in this place.
 E = Time spent auto-exploring this place.
 F = Levels seen in this place.
 G = Mean time per level.
                   A        B        C        D        E       F      G
               +--------+--------+--------+--------+--------+-----+--------+
         Total |   1929 |   1762 |    167 |    280 |      0 |   6 |  321.5 |
       Dungeon |   1929 |   1762 |    167 |    280 |      0 |   6 |  321.5 |
               +--------+--------+--------+--------+--------+-----+--------+

Top non-repeatable levels by time:
     D:4: 858 daAuts
     D:3: 449 daAuts
     D:5: 251 daAuts
     D:2: 200 daAuts
     D:1: 168 daAuts
     D:6: 1 daAuts
